 Dungeon Crawl Stone Soup version 0.27-a0-860-gaf99fae3ca (webtiles) character file.

Game seed: 3189287375512866359

63 rocky1 the Shield-Bearer (level 3, -2/33 HPs)
             Began as a Minotaur Fighter on Apr 2, 2021.
             Was a Follower of Ashenzari.
             Slain by an iguana (5 damage)
             ... on level 2 of the Dungeon.
             The game lasted 00:05:42 (916 turns).

rocky1 the Shield-Bearer (Minotaur Fighter)          Turns: 916, Time: 00:05:43

Health: -2/33      AC: 11    Str: 20    XL:     3   Next: 87%
Magic:  2/2        EV:  7    Int:  5    God:    Ashenzari [*.....]
Gold:   90         SH: 10    Dex: 10    Spells: 2/2 levels left

rFire    . . .     SeeInvis .   a - +0 long sword
rCold    . . .     Faith    .   c - +0 kite shield of the Shattered Gnosis {Fort, Bglg} (curse)
rNeg     . . .     Spirit   .   b - +0 scale mail
rPois    .         Reflect  .   (helmet restricted)
rElec    .         Harm     .   o - +0 cloak
rCorr    .         Rampage  .   (no gloves)
Will     .....                  n - +2 pair of boots of Ashenzari's Seer {Evo, Bglg} (curse)
Stlth    ..........             (no amulet)
HPRegen  0.11/turn              (no ring)
MPRegen  0.08/turn              (no ring)

@: no status effects
A: horns 2, retaliatory headbutt
a: Renounce Religion, Shatter the Chains


You were on level 2 of the Dungeon.
You worshipped Ashenzari.
Ashenzari was aware of your devotion.
You visited 1 branch of the dungeon, and saw 2 of its levels.

You collected 90 gold pieces.

Inventory:

Hand Weapons
 a - a +0 long sword (weapon)
Missiles
 e - 27 poisoned darts (quivered)
Armour
 b - a +0 scale mail (worn)
 c - the cursed +0 kite shield of the Shattered Gnosis (worn) {Fort, Bglg}

   It has a curse which improves the following skills: Fortitude: Armour and
   Shields.
   Beguiling: Conjurations, Hexes and Translocations.
 n - the cursed +2 pair of boots of Ashenzari's Seer (worn) {Evo, Bglg}
   (You found it on level 1 of the Dungeon)

   It has a curse which improves the following skills: Evocations: Evocations.
   Beguiling: Conjurations, Hexes and Translocations.
 o - a +0 cloak (worn)
Jewellery
 k - an amulet of faith
 l - a ring of fire
Scrolls
 h - 2 scrolls of teleportation
 i - a scroll of enchant armour
 j - a scroll of blinking
 m - a scroll of silence
Potions
 d - a potion of might
 f - a potion of flight
 g - a potion of ambrosia


   Skills:
 + Level 4.1 Fighting
 + Level 3.2 Long Blades
 + Level 4.2(5.2) Armour
 + Level 4.3(5.3) Shields
 * Level 0.1(0.3) Evocations


You had 2 spell levels left.
You didn't know any spells.
Your spell library was empty.

Dungeon Overview and Level Annotations

Branches:
Dungeon (2/15)

Altars:
Ashenzari

Shops:
D:1 [=


Innate Abilities, Weirdness & Mutations

You have a pair of horns on your head.
You reflexively headbutt those who attack you in melee.


Message History

The bat barely misses you.
You closely miss the bat. The bat barely misses you. You furiously retaliate!
You headbutt the bat!
You kill the bat!
No target in view!
You now have 74 gold pieces (gained 9).
You open the door.
Found a +0 flail and a +0 ring mail.
Found an escape hatch in the floor.
There is an open door here.
You now have 90 gold pieces (gained 16).
An iguana comes into view.
The iguana hisses angrily.
You block the iguana's attack.
You hit the iguana. Your headbutt misses the iguana.
The iguana is lightly wounded.
You block the iguana's attack. The iguana bites you!
You hit the iguana. Your headbutt misses the iguana.
The iguana is lightly wounded.
The iguana barely misses you.
You hit the iguana but do no damage.
The iguana is lightly wounded.
The iguana bites you!
You are too injured to fight recklessly!
You are too injured to fight recklessly!
You closely miss the iguana. Your headbutt misses the iguana.
The iguana is lightly wounded.
The iguana barely misses you. You furiously retaliate!
You headbutt the iguana, but do no damage.
You block the iguana's attack.
You barely miss the iguana.
The iguana is lightly wounded.
The iguana bites you but does no damage.
You hit the iguana but do no damage.
The iguana is lightly wounded.
You block the iguana's attack. The iguana bites you!
* * * LOW HITPOINT WARNING * * *
You hit the iguana. Your headbutt misses the iguana.
The iguana is moderately wounded.
The iguana bites you.
You die...

#.##.....#.
#.##.#.##.#.#.#.
#.##.#.##.#...#.
#.##.#.##.#####.
#####.##.#.##.......
.)......#.#########
#######......#.####(...#
#.....l.....>#......##.#
#@.....###........
#......'..........
#......###........
####....##........
#....##.......#
#....##.......#
#....########## #[...#
#....#


You could see an iguana.

Vanquished Creatures
  2 adders (D:2)
  A gnoll (D:1)
  2 bats
  5 endoplasms
  3 giant cockroaches (D:1)
  4 goblins
  4 hobgoblins
  4 jackals
  A quokka (D:1)
  A ball python (D:1)
  A kobold (D:1)
  2 rats (D:1)
30 creatures vanquished.

Notes
Turn   | Place    | Note
-------+----------+-------------------------------------------
     0 | D:1      | rocky1 the Minotaur Fighter began the quest for the Orb.
     0 | D:1      | Reached XP level 1. HP: 19/19 MP: 0/0
    64 | D:1      | Found Doceugg's Armour Emporium.
   175 | D:1      | Found a faded altar of an unknown god.
   231 | D:1      | Became a worshipper of Ashenzari the Shackled
   280 | D:1      | Found Qenouce's Jewellery Shoppe.
   297 | D:1      | Reached XP level 2. HP: 20/27 MP: 1/1
   461 | D:1      | Reached XP level 3. HP: 30/33 MP: 2/2
   778 | D:2      | Reached * piety under Ashenzari
   916 | D:2      | Slain by an iguana

Illustrated notes

Levels and vault maps discovered:
D:1:      dpeg_arrival_brainrot, layout_basic, serial_glass, glass_columns_c,
          glass_columns_a, serial_shops, shop, nicolae_shop_statue_plus,
          ebering_ecumenical_altar_abandoned
D:2:      layout_basic

Skill      XL: |  1  2  3 |
---------------+----------+-----
Armour         | 4 |  4.2
Shields        | 4 |  4.3
Fighting       | 4 |  4.1
Long Blades    | 3 |  3.2
Evocations     | |  0.1

Action                   || total
-------------------------++-------
Melee: Long sword        ||    70
       Headbutt          ||     6
Throw: Dart              ||     1
Invok: Curse Item        ||     2
Armor: Scale mail        ||    31
Dodge: Dodged            ||    24
Block: Kite shield       ||    40
       Rpst.: Long sword ||     5

Table legend: (Time is in decaauts)
 A = Elapsed time spent in this place.
 B = Non-inter-level travel time spent in this place.
 C = Inter-level travel time spent in this place.
 D = Time resting spent in this place.
 E = Time spent auto-exploring this place.
 F = Levels seen in this place.
 G = Mean time per level.
                   A        B        C        D        E       F      G
               +--------+--------+--------+--------+--------+-----+--------+
         Total |    948 |    943 |      5 |     43 |    617 |   2 |  474.0 |
       Dungeon |    948 |    943 |      5 |     43 |    617 |   2 |  474.0 |
               +--------+--------+--------+--------+--------+-----+--------+

Top non-repeatable levels by time:
     D:1: 772 daAuts
     D:2: 175 daAuts
